 Dungeon Crawl Stone Soup version 0.24.0-125-gc4c63601f3 (webtiles) character file.

Game seed: 14654578285439651354, levelgen mode: deterministic

492 DungeonDestroyer the Shield-Bearer (level 7, 0/59 HPs)
             Began as a Gnoll Fighter on Feb 25, 2020.
             Slain by an ogre
             ... wielding a +0 giant club
              (11 damage)
             ... on level 4 of the Dungeon on Mar 5, 2020.
             The game lasted 00:07:55 (3562 turns).

DungeonDestroyer the Shield-Bearer (Gnoll Fighter)  Turns: 3562, Time: 00:07:56

Health: 0/59       AC:  7    Str: 20    XL:     7   Next: 14%
Magic:  10/10      EV:  9    Int: 10    God:
Gold:   21         SH: 11    Dex: 15    Spells: 10/10 levels left

rFire    . . .     SeeInvis .   a - +0 war axe
rCold    . . .     Gourm    .   c - +0 shield
rNeg     . . .     Faith    .   b - +0 scale mail
rPois    .         Spirit   .   (no helmet)
rElec    .         Reflect  .   (no cloak)
rCorr    +         Harm     .   (no gloves)
MR       .....                  (no boots)
Stlth    +.........             (no amulet)
HPRegen  0.19/turn              j - ring of resist corrosion
MPRegen  0.12/turn              i - ring of flight

@: no status effects
A: distributed training, fangs 1, strong nose
a: Evoke Flight


You were on level 4 of the Dungeon.
You were very hungry.

You visited 1 branch of the dungeon, and saw 4 of its levels.
You also visited: Sewer.

You collected 188 gold pieces.
You spent 167 gold pieces at shops.

Inventory:

Hand Weapons
 a - a +0 war axe (weapon)
Missiles
 e - 51 arrows
 l - 135 stones (quivered)
 n - 60 sling bullets
Armour
 b - a +0 scale mail (worn)
 c - a +0 shield (worn)
Jewellery
 i - a ring of flight (right hand)
 j - a ring of resist corrosion (left hand)
Scrolls
 g - a scroll of fog
 h - 6 scrolls of teleportation
 k - 5 scrolls of identify
 m - 3 scrolls of remove curse
 p - a scroll of magic mapping
Potions
 d - 2 potions of might
 o - 2 potions of heal wounds
 q - 2 potions of magic
Comestibles
 f - 9 rations


   Skills:
 + Level 6.9 Fighting
 + Level 2.2 Short Blades
 + Level 2.2 Long Blades
 + Level 5.1 Axes
 + Level 2.2 Maces & Flails
 + Level 2.2 Polearms
 + Level 2.2 Staves
 + Level 2.2 Slings
 + Level 2.2 Bows
 + Level 2.2 Crossbows
 + Level 2.2 Throwing
 + Level 6.9 Armour
 + Level 2.2 Dodging
 + Level 2.2 Stealth
 + Level 6.9 Shields
 + Level 2.2 Unarmed Combat
 + Level 2.2 Spellcasting
 + Level 1.8 Conjurations
 + Level 1.8 Hexes
 + Level 1.8 Charms
 + Level 1.8 Summonings
 + Level 1.8 Necromancy
 + Level 1.8 Translocations
 + Level 1.8 Transmutations
 + Level 1.8 Fire Magic
 + Level 1.8 Ice Magic
 + Level 1.8 Air Magic
 + Level 1.8 Earth Magic
 + Level 1.8 Poison Magic
 + Level 2.5 Invocations
 + Level 2.2 Evocations


You had 10 spell levels left.
You didn't know any spells.
Your spell library was empty.

Dungeon Overview and Level Annotations

Branches:
Dungeon (4/15)              Sewer (visited)
 Temple: D:4-7

Altars:
Elyvilon
Hepliaklqana
Uskayaw

Shops:
D:4 ?!


Innate Abilities, Weirdness & Mutations

Your experience applies equally to all skills.
You have very sharp teeth.
Your uncanny sense of smell can sniff out nearby items.


Message History

You barely miss the ogre. You bite the ogre, but do no damage.
The ogre is lightly wounded.
The gnoll misses you. The ogre hits you with a +0 giant club!
The gnoll closely misses you.
You hit the ogre.
The ogre is moderately wounded.
You are feeling very hungry.
The ogre hits you with a +0 giant club!
* * * LOW HITPOINT WARNING * * *
The gnoll hits you from afar with a cursed -1 spear.
* * * LOW HITPOINT WARNING * * *
You slash the ogre! You bite the ogre, but do no damage.
The ogre is heavily wounded.
You block the ogre's attack. You block the gnoll's attack.
The gnoll hits you from afar with a cursed -1 spear.
* * * LOW HITPOINT WARNING * * *
You hit the ogre.
The ogre is almost dead.
The ogre hits you with a +0 giant club!
You die...

#.##!......8.......8...#
#................[.....#
#.#......#.8.......8...#
#..............).......#
#..........8..._...8...#
g.#(...##....###......#
...........#.......#...#
...........####.####...#######
#..####.##.gO@)......<.......#
#$ #.############..####.... #
... .....# ###.# #..# ####.##
#.# .<.# ..# #.# ###. ### #..
###


You could see an ogre and a gnoll.

Vanquished Creatures
  Purgy (Sewer)
  A bullfrog (D:3)
  An orc priest (D:3)
  11 gnolls
  8 adders
  3 oozes
  2 dart slugs
  4 worms
  3 leopard geckos
  3 orcs (D:3)
  4 giant cockroaches
  6 goblins
  12 hobgoblins
  5 jackals
  A quokka (D:2)
  6 ball pythons
  8 bats
  8 frilled lizards
  A jackal skeleton (D:4)
  6 kobolds
  10 rats
104 creatures vanquished.

Notes
Turn   | Place    | Note
-------+----------+-------------------------------------------
     0 | D:1      | DungeonDestroyer the Gnoll Fighter began the quest for the
                  | Orb.
     0 | D:1      | Reached XP level 1. HP: 23/23 MP: 1/1
     8 | D:1      | Noticed a minotaur zombie
    10 | D:1      | Noticed a minotaur zombie
    34 | D:1      | Reached XP level 2. HP: 29/29 MP: 2/2
   297 | D:1      | Reached XP level 3. HP: 34/35 MP: 3/3
   876 | D:2      | Found a hazy altar of Hepliaklqana.
   945 | D:2      | Reached skill level 1 in Invocations
   992 | D:2      | Reached skill level 1 in Short Blades
   992 | D:2      | Reached skill level 1 in Long Blades
   992 | D:2      | Reached skill level 1 in Maces & Flails
   992 | D:2      | Reached skill level 1 in Polearms
   992 | D:2      | Reached skill level 1 in Staves
   992 | D:2      | Reached skill level 1 in Slings
   992 | D:2      | Reached skill level 1 in Bows
   992 | D:2      | Reached skill level 1 in Crossbows
   992 | D:2      | Reached skill level 1 in Throwing
   992 | D:2      | Reached skill level 1 in Dodging
   992 | D:2      | Reached skill level 1 in Stealth
   992 | D:2      | Reached skill level 1 in Unarmed Combat
   992 | D:2      | Reached skill level 1 in Spellcasting
   992 | D:2      | Reached skill level 1 in Evocations
  1018 | D:2      | Reached XP level 4. HP: 40/41 MP: 5/5
  1223 | D:2      | Reached skill level 1 in Conjurations
  1223 | D:2      | Reached skill level 1 in Hexes
  1223 | D:2      | Reached skill level 1 in Charms
  1223 | D:2      | Reached skill level 1 in Summonings
  1223 | D:2      | Reached skill level 1 in Necromancy
  1223 | D:2      | Reached skill level 1 in Translocations
  1223 | D:2      | Reached skill level 1 in Transmutations
  1223 | D:2      | Reached skill level 1 in Fire Magic
  1223 | D:2      | Reached skill level 1 in Ice Magic
  1223 | D:2      | Reached skill level 1 in Air Magic
  1223 | D:2      | Reached skill level 1 in Earth Magic
  1223 | D:2      | Reached skill level 1 in Poison Magic
  1477 | D:2      | Found a white marble altar of Elyvilon.
  1480 | D:2      | Reached XP level 5. HP: 47/47 MP: 6/6
  1860 | D:3      | HP: 2/47 [orc priest/divine providence (12)]
  1866 | D:3      | HP: 1/47 [orc/+0 flail (2)]
  1929 | D:3      | Found a glowing drain.
  1933 | Sewer    | Entered a sewer
  2262 | Sewer    | Noticed Purgy
  2276 | Sewer    | Killed Purgy
  2276 | Sewer    | Reached skill level 5 in Axes
  2276 | Sewer    | Reached XP level 6. HP: 48/53 MP: 8/8
  2894 | D:3      | Reached XP level 7. HP: 38/59 MP: 10/10
  3365 | D:4      | Found Adwipn's Magic Scroll Emporium.
  3374 | D:4      | Bought a scroll of fog for 24 gold pieces
  3374 | D:4      | Bought a scroll of magic mapping for 42 gold pieces
  3374 | D:4      | Bought a scroll of torment for 90 gold pieces
  3435 | D:4      | Found Oxyli's Distillery.
  3438 | D:4      | Bought a potion of degeneration for 11 gold pieces
  3508 | D:4      | Found a hide-covered altar of Uskayaw.
  3562 | D:4      | Slain by an ogre

Levels and vault maps discovered:
D:1:      shiori_arrival_whats_in_store_for_you, layout_loops_ring
D:2:      layout_basic, nicolae_overflow_crystal_walls, lemuel_crystal_altar,
          minmay_snake_closets
D:3:      layout_basic, gup_sewer_entry_bowl, kennysheep_generic_room_6
D:4:      layout_loops_ring, eat_drink_and_be_merry_uskayaw, first_ration,
          serial_shops, kennysheep_mini_moat, shop

Skill      XL: |  1  2  3  4  5  6 |
---------------+-------------------+-----
Invocations    | 1 2 |  2.5
Short Blades   | 1 2 |  2.2
Long Blades    | 1 2 |  2.2
Maces & Flails | 1 2 |  2.2
Polearms       | 1 2 |  2.2
Staves         | 1 2 |  2.2
Slings         | 1 2 |  2.2
Bows           | 1 2 |  2.2
Crossbows      | 1 2 |  2.2
Throwing       | 1 2 |  2.2
Dodging        | 1 2 |  2.2
Stealth        | 1 2 |  2.2
Unarmed Combat | 1 2 |  2.2
Spellcasting   | 1 2 |  2.2
Evocations     | 1 2 |  2.2
Conjurations   | 1 |  1.8
Hexes          | 1 |  1.8
Charms         | 1 |  1.8
Summonings     | 1 |  1.8
Necromancy     | 1 |  1.8
Translocations | 1 |  1.8
Transmutations | 1 |  1.8
Fire Magic     | 1 |  1.8
Ice Magic      | 1 |  1.8
Air Magic      | 1 |  1.8
Earth Magic    | 1 |  1.8
Poison Magic   | 1 |  1.8
Axes           | 5 |  5.1
Fighting       | |  6.9
Armour         | |  6.9
Shields        | |  6.9

Action                   |  1- 3 |  4- 6 |  7- 9 || total
-------------------------+-------+-------+-------++-------
Melee: War axe           |    91 |   165 |    26 ||   282
       Bite              |    10 |    10 |     6 ||    26
  Use: Scroll            |     2 |     4 |     1 ||     7
       Potion            |     2 |     3 |       ||     5
  Eat: Chunk             |     1 |     6 |     1 ||     8
Armor: Scale mail        |    36 |    77 |     5 ||   118
Dodge: Dodged            |    20 |    55 |     6 ||    81
Block: Shield            |    60 |   114 |    15 ||   189
